AoeStats
← impossible

Yucatan

510280053Analyzed
4v4 RM · 4d ago on Sep 30, 2026· 48m 29s· 8 players
Game mode
Random Map
Map size
Large (8 player)
Population
200
Speed
Normal
Resources
Standard
Victory
Conquest
Starting age
Dark Age
Ending age
Imperial Age
RankedLock teamsTeams togetherTeam positionsShared explorationLock speedFull tech treeHidden civsTurbo modeCheats
Victory
Defeat
🇨🇳 Bohemians · China
1307
+14
🇹🇼 Magyars · Taiwan
1272
+15
🇬🇧 Goths · United Kingdom
1197
+18
🇹🇼 Gurjaras · Taiwan
1133
+21
🇳🇱 Mongols · Netherlands
1314
-20
🇪🇸 Japanese · Spain
1235
-16
🇷🇺 Vietnamese · Russia
1219
-16
🇹🇷 Burgundians · Türkiye
1215
-16
zeyrek
10:47 Feudal Age
11:25 Loom
15:14 Castle Age
13:17 Double-Bit Axe
13:13 Horse Collar
13:24 Gold Mining
14:15 Bow Saw
14:07 Heavy Plow
14:46 Gold Shaft Mining
14:49 Forging
15:42 Forging
15:35 Heavy Plow
17:47 Two-Man Saw
22:29 Wheelbarrow
22:57 Stone Mining
25:00 Stone Shaft Mining
25:03 Hand Cart
24:34 Town Watch
27:58 Burgundian Vineyards
29:17 Scale Barding Armor
29:05 Fishing Lines
33:24 Imperial Age
32:35 Iron Casting
32:22 Chain Barding Armor
31:53 Pikeman
34:33 Conscription
34:58 Plate Barding Armor
34:24 Husbandry
35:25 Blast Furnace
36:16 Elite Coustillier
37:57 Hoardings
36:47 Cavalier
37:56 Paladin
40:39 Fletching
46:27 Murder Holes
47:23 Careening
47:32 Bodkin Arrow
Pos3YDoN86
8:42 Loom
10:53 Feudal Age
12:22 Fishing Lines
13:50 Wheelbarrow
13:05 Double-Bit Axe
18:56 Castle Age
19:29 Gillnets
20:09 Bow Saw
21:30 Hand Cart
21:11 Town Watch
23:13 Fletching
24:17 Horse Collar
27:47 Stone Mining
32:21 Imperial Age
30:07 Scale Mail Armor
30:18 Forging
30:10 Squires
29:55 Gambesons
30:34 Pikeman
31:30 Chain Mail Armor
32:17 Iron Casting
32:46 Halberdier
33:57 Plate Mail Armor
33:55 Conscription
33:29 Gold Mining
35:19 Blast Furnace
36:15 Elite Samurai
36:57 Yasama
37:18 Kataparuto
37:22 Ballistics
38:03 Chemistry
37:10 Siege Engineers
37:15 Masonry
36:59 Guard Tower
36:54 Arrowslits
36:39 Capped Ram
37:31 Arson
38:07 Onager
42:22 Bodkin Arrow
42:28 Padded Archer Armor
41:55 Elite Skirmisher
42:40 Thumb Ring
43:02 Parthian Tactics
41:57 Heavy Cavalry Archer
42:47 Imperial Skirmisher
43:36 Murder Holes
44:16 Keep
Schrutef4rms
7:07 Loom
9:14 Feudal Age
8:32 Loom
9:52 Double-Bit Axe
13:15 Wheelbarrow
14:42 Forging
15:16 Scale Barding Armor
14:58 Horse Collar
15:25 Gold Mining
16:28 Bloodlines
19:12 Castle Age
17:11 Stone Mining
20:16 Bow Saw
19:34 Light Cavalry
20:52 Iron Casting
25:48 Fletching
26:37 Bodkin Arrow
27:36 Padded Archer Armor
28:45 Heavy Plow
29:10 Leather Archer Armor
32:05 Imperial Age
31:39 Husbandry
33:00 Ballistics
33:06 Bracer
33:26 Thumb Ring
35:11 Masonry
36:35 Parthian Tactics
40:58 Elite Mangudai
44:23 Conscription
44:41 Hand Cart
43:51 Hussar
45:13 Chain Barding Armor
45:29 Iron Casting
impossible
6:34 Loom
10:42 Feudal Age
16:16 Castle Age
14:21 Double-Bit Axe
19:13 Bow Saw
27:48 Crossbowman
29:55 Fletching
30:21 Forging
30:12 Scale Mail Armor
31:27 Bodkin Arrow
31:47 Bodkin Arrow
33:26 Padded Archer Armor
33:44 Town Watch
34:34 Wheelbarrow
35:02 Leather Archer Armor
38:35 Imperial Age
38:33 Elite Skirmisher
39:18 Thumb Ring
40:45 Elite Rattan Archer
4Tapping
11:15 Feudal Age
15:01 Castle Age
15:36 Double-Bit Axe
15:34 Horse Collar
18:31 Bow Saw
20:57 Heavy Plow
21:02 Loom
23:58 Wheelbarrow
25:07 Hand Cart
25:07 Gold Mining
25:08 Stone Mining
28:13 Stone Shaft Mining
30:19 Imperial Age
30:10 Forging
30:01 Scale Mail Armor
31:37 Iron Casting
30:26 Pikeman
31:07 Squires
31:51 Chain Mail Armor
31:36 Halberdier
32:21 Town Watch
33:38 Chemistry
32:35 Murder Holes
32:31 Fletching
33:28 Crop Rotation
33:59 Two-Man Saw
33:21 Perfusion
34:11 Anarchy
34:32 Conscription
35:22 Town Patrol
35:40 Elite Huskarl
37:50 Blast Furnace
38:36 Fletching
39:08 Ballistics
41:24 Bodkin Arrow
42:26 Bracer
托尼
9:23 Loom
11:08 Feudal Age
12:02 Double-Bit Axe
18:18 Castle Age
19:21 Bow Saw
21:19 Horse Collar
24:21 Heavy Plow
24:14 Gold Mining
24:14 Stone Mining
24:20 Stone Mining
28:25 Wheelbarrow
29:39 Hand Cart
31:14 Bloodlines
31:04 Husbandry
31:03 Fletching
31:14 Padded Archer Armor
32:12 Bodkin Arrow
33:21 Thumb Ring
35:33 Leather Archer Armor
35:23 Scale Barding Armor
39:15 Imperial Age
37:42 Gold Shaft Mining
37:45 Ballistics
37:06 Treadmill Crane
37:28 Corvinian Army
38:23 Chain Barding Armor
39:01 Light Cavalry
40:04 Recurve Bow
39:29 Heavy Cavalry Archer
40:35 Parthian Tactics
40:12 Bracer
40:42 Ring Archer Armor
40:52 Conscription
41:38 Plate Barding Armor
40:44 Elite Magyar Huszar
42:22 Scale Mail Armor
43:40 Crop Rotation
44:13 Two-Man Saw
48:13 Sappers
49:19 Hoardings
48:08 Man-at-Arms
48:33 Arson
48:09 Pikeman
mydogqmi
4:54 Loom
11:04 Feudal Age
17:41 Bloodlines
20:33 Castle Age
20:20 Forging
20:32 Horse Collar
20:40 Double-Bit Axe
20:56 Light Cavalry
29:36 Wheelbarrow
28:47 Town Watch
31:35 Fletching
31:45 Padded Archer Armor
32:38 Bodkin Arrow
33:26 Heavy Plow
35:30 Leather Archer Armor
35:47 Gold Mining
35:47 Stone Mining
36:49 Hand Cart
37:33 Ballistics
38:58 Iron Casting
39:00 Town Patrol
39:18 Thumb Ring
42:22 Imperial Age
41:16 Kshatriyas
43:26 Gold Shaft Mining
43:26 Stone Shaft Mining
43:25 Bow Saw
43:19 Bracer
43:44 Frontier Guards
43:45 Conscription
44:28 Chemistry
44:49 Crop Rotation
45:06 Elite Elephant Archer
47:31 Caravan
48:51 Hoardings
纯属意外666
11:35 Feudal Age
12:20 Loom
12:26 Loom
18:30 Castle Age
16:41 Double-Bit Axe
16:37 Horse Collar
21:19 Bow Saw
21:10 Heavy Plow
23:09 Pikeman
32:37 Imperial Age
31:34 Wheelbarrow
33:24 Chemistry
33:28 Hand Cart
34:19 Ballistics
35:07 Conscription
37:01 Fletching
37:11 Padded Archer Armor
37:19 Halberdier
37:55 Bodkin Arrow
39:39 Bracer
39:55 Leather Archer Armor
39:02 Crossbowman
39:34 Arbalester
40:16 Murder Holes
41:12 Elite Skirmisher
43:31 Ring Archer Armor
Connection lost

Rejoining the realm…

Still unreachable

The connection could not be restored.

Session expired

The server has moved on; the page needs a fresh start.